 Dungeon Crawl Stone Soup version 0.21.1-1-g345015fe64 (webtiles) character file.

420 Gargoyl the Skirmisher (level 6, -4/78 HPs)
             Began as a Centaur Abyssal Knight on June 14, 2018.
             Was a Believer of Lugonu.
             Slain by strelocc's ghost (14 damage)
             ... on level 4 of the Dungeon.
             The game lasted 00:06:49 (4370 turns).

Gargoyl the Skirmisher (Centaur Abyssal Knight)     Turns: 4370, Time: 00:06:50

Health: -4/78      AC: 26    Str: 14    XL:     6   Next: 62%
Magic:  8/8        EV:  1    Int: 11    God:    Lugonu [**....]
Gold:   214        SH:  7    Dex: 15    Spells: 5/5 levels left

rFire    . . .     SeeInvis .   a - +2 hand axe
rCold    . . .     Gourm    .   p - +0 shield
rNeg     + + +     Faith    .   (armour currently unavailable)
rPois    +         Spirit   .   (helmet currently unavailable)
rElec    .         Reflect  .   (cloak currently unavailable)
rCorr    .         Harm     .   (gloves currently unavailable)
MR       .....     NoTele   +   (no barding)
Stlth    +.........             (no amulet)
HPRegen  0.23/turn              s - +4 ring of dexterity
MPRegen  0.11/turn              m - +3 ring of protection

@: tree-form (expiring), hasted, very quick
A: large
a: Depart the Abyss, Bend Space, Renounce Religion


You were on level 4 of the Dungeon.
You worshipped Lugonu.
Lugonu was pleased with you.
You were not hungry.
You were a tree.
You visited 1 branch of the dungeon, and saw 4 of its levels.
You visited the Abyss 1 time.

You collected 214 gold pieces.

Inventory:

Hand Weapons
 a - a +2 hand axe (weapon)
Armour
 b - a +0 cloak (melded)
 d - a +0 helmet (melded)
 f - a +0 pair of gloves (melded)
 p - a +0 shield (worn)
 r - a +0 chain mail (melded)
Jewellery
 g - an uncursed ring of resist corrosion
 m - a +3 ring of protection (right branch)
 s - a +4 ring of dexterity (left branch)
Wands
 h - a wand of clouds (7)
Scrolls
 o - 2 scrolls of teleportation
 t - 2 scrolls of identify
 v - a scroll of remove curse
Potions
 j - 3 potions of curing
 k - a potion of haste
 l - a potion of might {unknown}
 n - a potion of ambrosia {unknown}
 q - a potion of brilliance {unknown}
Comestibles
 c - 5 rations


   Skills:
 + Level 3.9 Fighting
 + Level 3.6 Axes
 * Level 3.1 Armour
 + Level 1.2 Dodging
 + Level 1.1 Shields
 * Level 3.5 Invocations


You had 5 spell levels left.
You didn't know any spells.

Dungeon Overview and Level Annotations

Branches:
Dungeon (4/15)             Temple (0/1) D:4

Altars:
Fedhas
Nemelex Xobeh
Sif Muna
Uskayaw
Wu Jian

Annotations:
D:4 strelocc's ghost, novice OgBe


Innate Abilities, Weirdness & Mutations

((You have hooves in place of feet.))
((Armour fits poorly on your strangely shaped body.))
((You cover ground very quickly.))
((You have extremely tough skin. (AC +3)))


Message History

Press: ? - help, Shift-Dir - straight line, f/p - strelocc's ghost
Aim: strelocc's ghost, wielding a weapon of electrocution (heavily damaged, chance to defeat MR: 36%) Strelocc's ghost is blasted.
Strelocc's ghost hits you but does no damage.
You are electrocuted!
* * * LOW HITPOINT WARNING * * *
Aiming: Disintegrate
Press: ? - help, Shift-Dir - straight line, f/p - strelocc's ghost
Aim: strelocc's ghost, wielding a weapon of electrocution (severely damaged, chance to defeat MR: 36%) Strelocc's ghost is blasted.
The now-empty wand crumbles to dust.
You block strelocc's ghost's attack.
Aiming: Cloud Cone
Press: ? - help, Dir - move target cursor, f/p - strelocc's ghost
Aim: strelocc's ghost, wielding a weapon of electrocution (severely damaged)
You create a blast of freezing vapour!
Strelocc's ghost is engulfed in freezing vapours.
Strelocc's ghost hits you.
* * * LOW HITPOINT WARNING * * *
You are electrocuted!
You die...

#.......###.###.#*,*
*,*******
####o####.....#.##.# *,*
.....W...##...#.##.# *.#
##
.........#*#.)#.##.#####.#
#. .........#
#§§...........* ##.
.........#
##§#.##..[..#**#####..
#####<#### #§§§##.....#
#...... #)# ##§W##.....#
#...... #.# #.§♣......#
#...... #.# #..##.....#
###'###
#.########.........# #.#
#..........#.#.....# #.#
#########....#.#'### #.#
*,,,..........#.# #.#
#.**####......#.#
#####.### #[####
#....÷.#.# #........
*####....###......#.#
#.###.###


You could see strelocc's ghost.

Vanquished Creatures
  2 scorpions (D:4)
  A howler monkey (D:4)
  A crimson imp (D:3)
  Ijyb (D:4)
  A worker ant (D:4)
  Natasha (thrice) (D:3)
  5 adders
  An ooze (D:3)
  3 worms
  3 dart slugs
  4 leopard geckos
  4 orcs
  2 giant cockroaches
  7 goblins
  3 hobgoblins (D:2)
  7 jackals (D:1)
  2 ball pythons
  5 bats
  2 frilled lizards
  4 kobolds
  3 rats
64 creatures vanquished.

Notes
Turn   | Place    | Note
-------+----------+-------------------------------------------
     0 | Abyss:1  | Gargoyl the Centaur Abyssal Knight began the quest for the Orb.
     0 | Abyss:1  | Reached XP level 1. HP: 19/19 MP: 2/2
   129 | Abyss:1  | Noticed a demonic crawler
   145 | Abyss:1  | Noticed a starcursed mass
   148 | D:1      | Escaped the Abyss
   506 | D:1      | Reached XP level 2. HP: 25/26 MP: 3/3
   511 | D:1      | Reached * piety under Lugonu
  1063 | D:2      | Reached XP level 3. HP: 23/31 MP: 4/4
  1432 | D:2      | Found a deep blue altar of Sif Muna.
  2455 | D:2      | Found a blossoming altar of Fedhas.
  2455 | D:2      | Found an ornate altar of the Wu Jian Council.
  2456 | D:2      | Found a hide-covered altar of Uskayaw.
  2685 | D:3      | Reached XP level 4. HP: 38/38 MP: 5/5
  2736 | D:3      | Noticed Natasha
  2749 | D:3      | Killed Natasha
  2749 | D:3      | Reached skill level 1 in Dodging
  2937 | D:3      | Reached XP level 5. HP: 43/46 MP: 7/7
  2968 | D:3      | Found a sparkling altar of Nemelex Xobeh.
  2992 | D:3      | Noticed Natasha
  3000 | D:3      | Killed Natasha
  3251 | D:4      | Reached ** piety under Lugonu
  3403 | D:4      | Found a staircase to the Ecumenical Temple.
  3419 | D:4      | Noticed Ijyb
  3443 | D:4      | Killed Ijyb
  3546 | D:4      | Noticed strelocc's ghost (novice OgBe)
  3551 | D:4      | Noticed an orc warrior
  3603 | D:3      | Noticed Natasha
  3616 | D:3      | Killed Natasha
  3714 | D:4      | Reached XP level 6. HP: 34/52 MP: 8/8
  4010 | D:4      | Reached skill level 1 in Shields
  4370 | D:4      | Slain by strelocc's ghost

Skill      XL: |  1  2  3  4  5  6 |
---------------+-------------------+-----
Axes           | 2 3 |  3.6
Armour         | 2 3 |  3.1
Dodging        | 1 |  1.2
Invocations    | 3 |  3.5
Shields        | 1 |  1.1
Fighting       | |  3.9

Action                   |  1- 3 |  4- 6 || total
-------------------------+-------+-------++-------
Melee: Hand axe          |    85 |   135 ||   220
       Kick              |    13 |    27 ||    40
Invok: Depart the Abyss  |     1 |       ||     1
       Bend Space        |       |     1 ||     1
Evoke: Wand              |       |     6 ||     6
  Use: Scroll            |     6 |     3 ||     9
       Potion            |       |     5 ||     5
  Eat: Chunk             |     4 |     5 ||     9
Armor: Leather armour    |    39 |       ||    39
       Chain mail        |    23 |    97 ||   120
       Skin              |       |    11 ||    11
Dodge: Dodged            |    27 |     6 ||    33
Block: Shield            |    27 |    52 ||    79
